 Dungeon Crawl Stone Soup version 0.31-a0-325-g067879e3d3 (webtiles) character file.

Game seed: 10186538903645231107

362 AdnanSaban the Cudgeller (level 6, -5/38 HPs)
             Began as a Gargoyle Fighter on July 18, 2023.
             Was an Initiate of Okawaru.
             Killed by divine providence
             ... invoked by an orc priest
              (10 damage)
             ... on level 3 of the Dungeon.
             The game lasted 00:04:55 (2421 turns).

AdnanSaban the Cudgeller (Gargoyle Fighter)         Turns: 2421, Time: 00:04:55

Health: -5/38      AC: 16    Str: 22    XL:     6   Next: 66%
Magic:  6/6        EV:  8    Int:  8    God:    Okawaru [......]
Gold:   120        SH:  8    Dex:  9    Spells: 5/5 levels left

rFire   . . .        a - +0 flail
rCold   . . .        j - +0 kite shield
rNeg    + . .        b - +0 scale mail
rPois   ∞            (no helmet)
rElec   +            c - +0 cloak
rCorr   .            (no gloves)
SInv    +            (no boots)
Will    .....        l - amulet of regeneration Stlth
                     e - ring of see invisible
HPRegen 1.06/turn    v - +4 ring of protection
MPRegen 0.10/turn

%: no passive effects
@: no status effects
A: sickness immunity, AC +4, negative energy resistance 1, electricity
resistance, torment resistance 1, petrification resistance
a: Renounce Religion


You were on level 3 of the Dungeon.
You worshipped Okawaru.
Okawaru was noncommittal.
You visited 1 branch of the dungeon, and saw 4 of its levels.

You collected 120 gold pieces.

Inventory:

Hand Weapons
 a - a +0 flail (weapon)
Armour
 b - a +0 scale mail (worn)
 c - a +0 cloak (worn)
 j - a +0 kite shield (worn)
Jewellery
 e - a ring of see invisible (left hand)
 f - a ring of fire
 l - an amulet of regeneration (around neck)
 n - a +6 ring of intelligence
 v - a +4 ring of protection (right hand)
Scrolls
 g - a scroll of silence {unknown}
 h - 2 scrolls of poison {unknown}
 k - a scroll of identify {unknown}
 m - 2 scrolls of teleportation {unknown}
 o - 2 scrolls of vulnerability {unknown}
 r - a scroll of amnesia {unknown}
Potions
 d - a potion of might
 i - a potion of brilliance {unknown}
 p - a potion of lignification {unknown}
 q - a potion of berserk rage {unknown}
 s - a potion of curing {unknown}
 t - a potion of enlightenment {unknown}
 u - a potion of attraction {unknown}


   Skills:
 + Level 4.2 Fighting
 + Level 4.8 Maces & Flails
 + Level 4.6 Armour
 + Level 4.5 Shields


You had 5 spell levels left.
You didn't know any spells.
Your spell library was empty.

Dungeon Overview and Level Annotations

Branches:
Dungeon (4/15)
 Temple: D:4-7

Altars:
Elyvilon
Okawaru
Ru
Vehumet
Zin


Innate Abilities, Weirdness & Mutations

You are immune to sickness and miasma.
Your stone body is resilient. (AC +4)
You are immune to poison.
You resist negative energy. (rN+)
You are resistant to electric shocks. (rElec)
You are resistant to unholy torment.
You are immune to petrification.


Message History

You hit the orc priest but do no damage.
The orc priest is moderately wounded.
The orc priest mumbles some strange prayers to Beogh against you.
Beogh smites you!
You hit the orc priest but do no damage.
The orc priest is moderately wounded.
You block the orc priest's attack.
You sock the orc priest!
The orc priest is almost dead.
The orc priest mumbles some strange prayers to Beogh against you.
Beogh smites you!
The orc priest hits you but does no damage.
You are too injured to fight recklessly!
You are too injured to fight recklessly!
You are too injured to fight recklessly!
You are too injured to fight recklessly!
You are too injured to fight recklessly!
You are too injured to fight recklessly!
You are too injured to fight recklessly!
You are too injured to fight recklessly!
You are too injured to fight recklessly!
You are too injured to fight recklessly!
You hit the orc priest but do no damage.
The orc priest is almost dead.
The orc priest mumbles some strange prayers to Beogh against you.
Beogh smites you!
* * * LOW HITPOINT WARNING * * *
You barely miss the orc priest.
The orc priest is almost dead.
The orc priest hits you but does no damage.
You closely miss the orc priest.
The orc priest is almost dead.
The orc priest mumbles some strange prayers to Beogh against you.
Pain shoots through your body!
* * * LOW HITPOINT WARNING * * *
You closely miss the orc priest.
The orc priest is almost dead.
The orc priest calls down the wrath of Beogh upon you.
Beogh smites you!
You die...

#...## #.......... .....##
#.......... ......# #..........
......# ###..........
......###############............
................##............#..
...[..#########....≈≈≈._.≈≈≈..###
......# #..[##...≈...≈....#.[
......# #.#)@o.≈.≈≈.≈≈.≈.....
......# #...##.≈.......≈..#..
#.....# ###....≈≈≈≈.≈≈≈≈..#..
#.....# ###................
......# ##....≈≈≈≈.≈≈≈≈..#[.
......### ##..##.≈.......≈..###
........#####..###.≈.≈≈.≈≈.≈.....
......#.##....## #...≈...≈....#..
#####......#### #.≈≈≈._.≈≈≈..#.#


You could see an orc priest.

Vanquished Creatures
  An orc priest (D:2)
  A hound (D:4)
  A jelly (D:4)
  A sleepcap (D:3)
  An iguana (D:2)
  2 orc wizards (D:3)
  Robin (D:1)
  5 adders
  An ufetubus (D:3)
  3 worms
  2 dart slugs (D:1)
  6 orcs
  5 endoplasms
  5 giant cockroaches
  8 hobgoblins
  4 jackals (D:2)
  4 kobolds
  4 quokkas
  3 ball pythons
  5 bats
  6 frilled lizards
  20 goblins
  2 rats
91 creatures vanquished.

Notes
Turn   | Place    | Note
-------+----------+-------------------------------------------
     0 | D:1      | AdnanSaban the Gargoyle Fighter began the quest for the
                  | Orb.
     0 | D:1      | Reached XP level 1. HP: 14/14 MP: 1/1
   112 | D:1      | Reached XP level 2. HP: 19/19 MP: 2/2
   302 | D:1      | Reached XP level 3. HP: 23/23 MP: 3/3
   669 | D:2      | Noticed Robin
   715 | D:1      | Reached XP level 4. HP: 16/29 MP: 4/4
   750 | D:1      | Killed Robin
  1470 | D:2      | Reached XP level 5. HP: 33/33 MP: 5/5
  1554 | D:3      | Found a glowing silver altar of Zin.
  1554 | D:3      | Found a radiant altar of Vehumet.
  1671 | D:3      | Found a faded altar of an unknown god.
  1859 | D:3      | Reached XP level 6. HP: 38/38 MP: 6/6
  1867 | D:3      | Found an iron altar of Okawaru.
  1942 | D:3      | Became a worshipper of Warmaster Okawaru
  2125 | D:4      | Found a sacrificial altar of Ru.
  2249 | D:4      | Found a white marble altar of Elyvilon.
  2421 | D:3      | Killed from afar by an orc priest

Illustrated notes

Levels and vault maps discovered:
D:1:      eino_arrival_water_star, layout_basic
D:2:      layout_basic, uniq_robin
D:3:      layout_rooms, mainiacjoe_overflow_cross_hatched,
          mainiacjoe_overflow_large_starburst,
          dreamdust_ecumenical_altar_angels_and_demons, hangedman_decor_points
D:4:      layout_basic, mainiacjoe_overflow_brackets, lemuel_tele_altar,
          nemelex_xobeh_ov_fountains_minmay, kennysheep_another_room,
          uniq_grinder, uniq_blork_the_orc

Skill      XL: |  1  2  3  4  5 |
---------------+----------------+-----
Maces & Flails | 3 4 |  4.8
Armour         | 4 |  4.6
Shields        | 4 |  4.5
Fighting       | 4 |  4.2

Action                     |  1- 3 |  4- 6 || total
---------------------------+-------+-------++-------
  Melee: Flail             |    93 |   229 ||   322
 Armour: Scale mail        |   103 |   154 ||   257
  Dodge: Dodged            |    71 |   130 ||   201
  Block: Buckler           |    19 |       ||    19
         Kite shield       |    35 |   113 ||   148

Table legend: (Time is in decaauts)
 A = Elapsed time spent in this place.
 B = Non-inter-level travel time spent in this place.
 C = Inter-level travel time spent in this place.
 D = Time resting spent in this place.
 E = Time spent auto-exploring this place.
 F = Levels seen in this place.
 G = Mean time per level.
                   A        B        C        D        E       F      G
               +--------+--------+--------+--------+--------+-----+--------+
         Total |   2547 |   2442 |    105 |    148 |   1480 |   4 |  636.8 |
       Dungeon |   2547 |   2442 |    105 |    148 |   1480 |   4 |  636.8 |
               +--------+--------+--------+--------+--------+-----+--------+

Top non-repeatable levels by time:
     D:2: 822 daAuts
     D:1: 788 daAuts
     D:3: 786 daAuts
     D:4: 149 daAuts
